AoeStats
← CovidBryan

Arabia

508943518Analyzed
2v2 RM · 8d ago on Sep 24, 2026· 34m 24s· 4 players
Game mode
Random Map
Map size
Medium (4 player)
Population
200
Speed
Normal
Resources
Standard
Victory
Conquest
Starting age
Dark Age
Ending age
Imperial Age
RankedLock teamsTeams togetherTeam positionsShared explorationLock speedFull tech treeHidden civsTurbo modeCheats
Victory
Defeat
🇪🇸 Vietnamese · Spain
1213
+17
🇪🇸 Bulgarians · Spain
1191
+17
🇦🇹 Ethiopians · Austria
1231
-17
🇬🇧 Saxons · United Kingdom
1231
-17
sergiwhitehouse
7:22 Loom
9:41 Feudal Age
10:11 Double-Bit Axe
14:42 Gold Mining
20:15 Castle Age
19:16 Horse Collar
19:30 Fletching
19:41 Padded Archer Armor
21:07 Bow Saw
20:59 Crossbowman
23:54 Ballistics
24:31 Wheelbarrow
24:16 Stone Mining
26:10 Stone Shaft Mining
26:26 Bodkin Arrow
27:18 Leather Archer Armor
27:49 Thumb Ring
32:44 Hand Cart
35:11 Imperial Age
33:12 Hand Cart
32:48 Town Watch
CovidBryan
1:34 Loom
7:51 Loom
10:17 Feudal Age
19:36 Castle Age
18:42 Horse Collar
19:19 Bloodlines
19:17 Scale Barding Armor
19:22 Forging
20:36 Chain Barding Armor
20:31 Double-Bit Axe
23:45 Iron Casting
moon182
10:55 Feudal Age
9:12 Loom
17:14 Castle Age
16:18 Double-Bit Axe
16:19 Horse Collar
24:59 Bow Saw
25:00 Gambesons
26:19 Squires
27:31 Forging
29:12 Wheelbarrow
28:23 Town Watch
29:02 Scale Mail Armor
29:38 Iron Casting
30:03 Chain Mail Armor
31:36 Fletching
33:23 Bodkin Arrow
Motz
7:27 Loom
10:16 Feudal Age
13:43 Fletching
13:57 Double-Bit Axe
13:52 Horse Collar
18:22 Wheelbarrow
22:10 Castle Age
21:16 Gold Mining
21:50 Padded Archer Armor
22:50 Bodkin Arrow
22:19 Crossbowman
24:22 Bow Saw
24:13 Heavy Plow
25:48 Ballistics
28:33 Hand Cart
Connection lost

Rejoining the realm…

Still unreachable

The connection could not be restored.

Session expired

The server has moved on; the page needs a fresh start.